 Dungeon Sprint DCSS version 0.29-a0-870-g2c972031a6 (webtiles) character file.

Game seed: 9080845370694163524

323689 manyhoops the Heavyweight Champion (level 14, 188/188 HPs)
             Began as a Troll Berserker on July 17, 2022.
             Was a High Priest of Trog.
             Escaped with the Orb!
             The game lasted 00:28:43 (2463 turns).

manyhoops the Heavyweight Champion (TrBe)           Turns: 2463, Time: 00:28:43

Health: 188/188    AC: 34    Str: 35    XL:     14   Next: 91%
Magic:  13/13      EV: 12    Int: 10    God:    Trog [*****.]
Gold:   4329       SH:  0    Dex: 13    Spells: 13/13 levels left

rFire   . . .      SeeInvis +     - Unarmed
rCold   + + +      Faith    .   (no shield)
rNeg    . . .      Spirit   .   R - +1 ice dragon scales
rPois   +          Reflect  .   Q - +2 hat {SInv}
rElec   +          Harm     .   N - +1 cloak of Action {Str+3}
rCorr   .          Rampage  .   (gloves unavailable)
Will    +++..      Clarity  +   (boots unavailable)
Stlth   .......... NoTele   +   y - amulet of regeneration
HPRegen 3.01/turn               S - ring of Qazlal's Displeasure {rElec rPois AC+4 Dex+4}
MPRegen 0.13/turn               J - ring "Hidwoxt" {rC+ AC+4 Int+7 Slay+4}

@: strong-willed (expiring), regenerating (expiring), hasted, studying Axes,
very quick
A: large, unfitting armour, claws 3, regeneration 1, shaggy fur 1, tough skin 1,
iridescent scales 1, clarity, fire resistance 1, subdued magic 1, MP-powered
wands
0: Orb of Zot
a: Renounce Religion, Berserk, Trog's Hand, Brothers in Arms


You escaped.
You worshipped Trog.
Trog was extremely pleased with you.
You visited 1 branch You collected 9351 gold pieces.
You spent 5022 gold pieces at shops.

Inventory:

Hand Weapons
 H - a +2 great mace of holy wrath
Armour
 a - a +0 animal skin
 h - the +1 robe "Teh Waps" {Dex+3}
   (You bought it in a shop in the Dungeon)

   Dex:       It affects your dexterity (+3).
 x - a +0 troll leather armour
 D - +0 fire dragon scales
 E - the +2 hat of Ridu {rPois Dex+3 Stlth-}
   (You acquired it in the Dungeon)

   Dex:       It affects your dexterity (+3).
   rPois:     It protects you from poison.
   Stlth:     It makes you less stealthy.
 F - a +0 cloak
 I - a +0 cloak of willpower
 N - the +1 cloak of Action (worn) {Str+3}
   (You acquired it in the Dungeon)

   Str:       It affects your strength (+3).
 Q - a +2 hat of see invisible (worn)
 R - +1 ice dragon scales (worn)
Jewellery
 k - the ring "Vefed" {rPois rF+ Will+ rCorr Dex-2}
   (You bought it in a shop in the Dungeon)

   [ring of willpower]

   Dex:       It affects your dexterity (-2).
   rF:        It protects you from fire.
   rPois:     It protects you from poison.
   rCorr:     It protects you from acid and corrosion.
   Will:      It increases your willpower.
 w - a ring of flight
 y - an amulet of regeneration (around neck)
 B - an amulet of faith
 C - a ring of fire
 G - an amulet of the acrobat
 J - the ring "Hidwoxt" (right claw) {rC+ AC+4 Int+7 Slay+4}
   (You bought it in a shop in the Dungeon)

   [ring of protection]

   AC:        It affects your AC (+4).
   Int:       It affects your intelligence (+7).
   Slay:      It affects your accuracy & damage with ranged weapons and melee
   (+4).
   rC:        It protects you from cold.
 O - a ring of ice
 P - a ring of resist corrosion
 S - the ring of Qazlal's Displeasure (left claw) {rElec rPois AC+4 Dex+4}
   (You acquired it in the Dungeon)

   [ring of protection]

   AC:        It affects your AC (+4).
   Dex:       It affects your dexterity (+4).
   rElec:     It insulates you from electricity.
   rPois:     It protects you from poison.
 T - the amulet "Odisiole" {Faith rN+ Str+4}
   (You acquired it in the Dungeon)

   [amulet of faith]

   It allows you to gain divine favour quickly.
   Str:       It affects your strength (+4).
   rN:        It protects you from negative energy.
Wands
 L - a wand of flame (18)
 U - a wand of charming (8)
Scrolls
 i - a scroll of amnesia
 m - 2 scrolls of immolation
 p - a scroll of silence
 q - a scroll of fear
 r - a scroll of summoning
 t - a scroll of magic mapping
 u - 2 scrolls of enchant weapon
 A - 2 scrolls of brand weapon
Potions
 b - 2 potions of curing
 c - 5 potions of heal wounds
 d - 3 potions of haste
 e - 32 potions of magic
 f - a potion of berserk rage
 j - 2 potions of might
 l - 7 potions of flight
 n - a potion of ambrosia
 o - a potion of degeneration
 s - 2 potions of resistance
 v - a potion of attraction
 z - 2 potions of cancellation
 K - 23 potions of mutation
 M - a potion of invisibility


   Skills:
 + Level 24.2 Fighting
 - Level 17.6 Armour
 - Level 9.4 Dodging
 O Level 27 Unarmed Combat


You had 13 spell levels left.
You didn't know any spells.
Your spell library was empty.

Dungeon Overview and Level Annotations

Branches:
Dungeon (1/1)

Altars:
Cheibriados
Dithmenos
Elyvilon
Fedhas
Gozag
Hepliaklqana
Kikubaaqudgha
Makhleb
Nemelex Xobeh
Okawaru
Qazlal
Ru
Sif Muna
Trog
Uskayaw
Vehumet
Wu Jian
Xom
Yredelemnul
Zin
The Shining One
Jiyva
Lugonu

Shops:
D ([:?![=[=[?=[[:**!(!*(=[=[!==?*(::[*


Innate Abilities, Weirdness & Mutations

You are too large for most types of armour.
You have claws for hands.
Your natural rate of healing is unusually fast.
You are covered in fur. (AC +1)
You have tough skin. (AC +1)
You are partially covered in iridescent scales. (AC +2)
You possess an exceptional clarity of mind.
Your flesh is heat resistant. (rF+)
Your spells are a little easier to cast, but a little less powerful.
You expend magic power (3 MP) to strengthen your wands.


Message History

You feel better.
You feel the effects of Trog's Hand fading.
Your skin crawls.
You feel strong-willed.
You see here the Orb of Zot.
You feel yourself speed up.
You pick up the Orb of Zot!
The Orb lets out a hideous shriek!
The lords of Pandemonium are not amused.
Beware!
Now all you have to do is get back out of the dungeon!
There is an open door here.
Blink to where?
Press: ? - help, Dir - move target Really blink into a travel-excluded area?
As you read the scroll of blinking, it crumbles to dust.
Really walk into that cloud of foul pestilence?
You are engulfed in dark miasma.
There is an open door, spattered with blood here.
Blink to where?
Press: ? - help, Dir - move target
As you read the scroll of blinking, it crumbles to dust.
You feel yourself speed up.
You recover from your berserk rage.
There is a large open door here.
You see here a +9 giant club of flaming.
Blink to where?
Press: ? - help, Dir - move target
As you read the scroll of blinking, it crumbles to dust.
Blink to where?
Press: ? - help, Dir - move target
As you read the scroll of blinking, it crumbles to dust.
Really walk into a travel-excluded area? [Y]es or [N]o only, please.
Really walk into a travel-excluded area? [Y]es or [N]o only, please.
Really walk into a travel-excluded area?
There is an open door here.
There is an open door, spattered with blood here.
You feel the effects of Trog's Hand fading.
There is a staircase leading out of the dungeon here.
You have escaped!

##########≈≈#+++#+++#####..§.#.##
#########≈≈≈...÷)....#..'....#..#
....∩.∩.#≈≈≈≈.##)##..#..####.#..#
...∩.∩..#≈≈≈≈##.#.##.####..'.##.#
....∩...#≈≈≈≈#..#..#....#..#)..##
.⌠.∩....#≈≈####...####..#####.^##
..∩.∩...#≈##.###'###.##..#..'..#°
...∩.∩..#≈#...##.##.#.#..#..#..#)
....∩.∩.'≈+##.'.@.'###'..####..##
.....∩.∩#≈#,####.##.#.#....###§.)
▓▓▓▓▓▓###≈##,*##'###.##...§§.≈≈≈≈
...######≈≈####.#.####≈≈....§≈#+#
[..#..†^##≈≈≈#..#..#≈≈≈≈≈§≈..≈#..
∩..††)#'##†#≈##.#.##≈≈≈§≈§≈§.≈#._
|..#(##°##)#≈≈##'##≈≈≈≈§§≈§≈≈≈#_.
(..###..○####≈≈≈≈≈≈≈≈≈§§§≈≈§≈≈#._
#)###...○°#,#+++#+++#≈§§§≈§≈≈≈#_.


There were no monsters in sight!

Vanquished Creatures
  Gloorx Vloq (D)
  A royal mummy (D)
  A golden dragon (D)
  A curse toe (D)
  A hellephant (D)
  A deep elf blademaster (D)
  3 quicksilver dragons (D)
  A deep elf master archer (D)
  2 sphinxes (D)
  Murray (D)
  A kraken (D)
  Kirke (D)
  Gastronok (D)
  Roxanne (D)
  A draconian knight (D)
  A storm dragon (D)
  A draconian shifter (D)
  A vampire knight (D)
  Nessos (D)
  3 lorocyprocas (D)
  A dire elephant (D)
  An iron golem (D)
  A yaktaur captain (D)
  A crystal guardian (D)
  A fire dragon (D)
  A great orb of eyes (D)
  2 boulder beetles (D)
  A centaur warrior (D)
  An iron elemental (D)
  2 hell hogs (D)
  Sonja (D)
  A skeletal warrior (D)
  3 sixfirhies (D)
  2 death drakes (D)
  A glowing orange brain (D)
  2 deep trolls (D)
  An orange crystal statue (D)
  A harpy (D)
  3 orc sorcerers (D)
  An oklob plant (D)
  7 shining eyes (D)
  3 manticores (D)
  3 toenail golems (D)
  An eye of devastation (D)
  An ice statue (D)
  An elephant (D)
  2 cane toads (D)
  2 unseen horrors (D)
  A kobold demonologist (D)
  A yaktaur (D)
  A hornet (D)
  2 slime creatures (D)
  5 polar bears (D)
  18 flying skulls (D)
  7 wyverns (D)
  3 yaks (D)
  Menkaure (D)
  2 redbacks (D)
  3 floating eyes (D)
  6 water moccasins (D)
  2 swamp drakes (D)
  3 black bears (D)
  5 necrophages (D)
  A scorpion (D)
  An earth elemental (D)
  4 lava snakes (D)
  An iron imp (D)
  A jelly (D)
  4 orc priests (D)
  A spectral adder (D)
  2 worms (D)
  A spectral giant cockroach (D)
  A ballistomycete spore (D)
150 creatures vanquished.

Vanquished Creatures (collateral kills)
  the Lernaean hydra (D)
  An electric golem (D)
  8 shining eyes (D)
  A golden eye (D)
  7 floating eyes (D)
  An earth elemental (D)
19 creatures vanquished.

Vanquished Creatures (others)
  A water moccasin (D)
  A ballistomycete spore (D)
  19 tentacles (D)
21 creatures vanquished.

Grand Total: 190 creatures vanquished

Notes
Turn   | Place    | Note
-------+----------+-------------------------------------------
     0 | D        | manyhoops the Troll Berserker began the quest for the Orb.
     0 | D        | Reached XP level 1. HP: 22/22 MP: 0/0
     1 | D        | Noticed a necrophage
     1 | D        | Noticed a necrophage
     1 | D        | Noticed a necrophage
     1 | D        | Noticed a necrophage
     4 | D        | Killed a necrophage
     5 | D        | Reached skill level 5 in Fighting
     5 | D        | Reached skill level 6 in Unarmed Combat
     5 | D        | Reached XP level 2. HP: 35/35 MP: 1/1
     5 | D        | Reached XP level 3. HP: 42/42 MP: 2/2
     7 | D        | Killed a necrophage
     8 | D        | Reached skill level 7 in Unarmed Combat
     8 | D        | Reached XP level 4. HP: 52/52 MP: 3/3
    10 | D        | Killed a necrophage
    10 | D        | Reached ** piety under Trog
    11 | D        | Reached skill level 8 in Unarmed Combat
    11 | D        | Reached XP level 5. HP: 61/61 MP: 4/4
    13 | D        | Reached skill level 9 in Unarmed Combat
    56 | D        | Reached *** piety under Trog
    65 | D        | Noticed a wyvern
    65 | D        | Noticed a wyvern
    71 | D        | Killed a wyvern
    72 | D        | Reached skill level 10 in Unarmed Combat
    72 | D        | Reached XP level 6. HP: 74/74 MP: 5/5
    73 | D        | Killed a wyvern
    74 | D        | Reached skill level 11 in Unarmed Combat
    74 | D        | Reached XP level 7. HP: 83/83 MP: 6/6
    98 | D        | Noticed a boulder beetle
    98 | D        | Noticed a boulder beetle
   121 | D        | Killed a boulder beetle
   122 | D        | Reached skill level 10 in Fighting
   122 | D        | Reached skill level 13 in Unarmed Combat
   122 | D        | Reached XP level 8. HP: 94/94 MP: 7/7
   125 | D        | Killed a boulder beetle
   126 | D        | Reached skill level 15 in Unarmed Combat
   144 | D        | Noticed an orange crystal statue
   146 | D        | Noticed Menkaure
   148 | D        | Killed Menkaure
   148 | D        | Reached **** piety under Trog
   160 | D        | Found a stormy altar of Qazlal.
   161 | D        | Found a hazy altar of Hepliaklqana.
   161 | D        | Found a sacrificial altar of Ru.
   161 | D        | Found an ornate altar of the Wu Jian Council.
   162 | D        | Found a viscous altar of Jiyva.
   162 | D        | Found a shimmering blue altar of Sif Muna.
   162 | D        | Found a shimmering altar of Xom.
   163 | D        | Found a snail-covered altar of Cheibriados.
   163 | D        | Found an ancient bone altar of Kikubaaqudgha.
   163 | D        | Found a bloodstained altar of Trog.
   163 | D        | Found a glowing golden altar of the Shining One.
   163 | D        | Found a basalt altar of Yredelemnul.
   164 | D        | Found a shadowy altar of Dithmenos.
   164 | D        | Found a corrupted altar of Lugonu.
   164 | D        | Found a hide-covered altar of Uskayaw.
   164 | D        | Found a glowing silver altar of Zin.
   166 | D        | Found a white marble altar of Elyvilon.
   166 | D        | Found a burning altar of Makhleb.
   166 | D        | Found a radiant altar of Vehumet.
   168 | D        | Found a blossoming altar of Fedhas.
   169 | D        | Found an opulent altar of Gozag.
   177 | D        | Noticed a kraken
   187 | D        | Reached XP level 9. HP: 64/105 MP: 8/8
   190 | D        | Found a sparkling altar of Nemelex Xobeh.
   193 | D        | Found an iron altar of Okawaru.
   362 | D        | Noticed a deep troll
   363 | D        | Noticed a deep troll
   366 | D        | Killed a deep troll
   367 | D        | Reached skill level 16 in Unarmed Combat
   371 | D        | Killed a deep troll
   372 | D        | Reached skill level 17 in Unarmed Combat
   389 | D        | Identified a scroll of acquirement
   391 | D        | Acquired 1157 gold pieces
   414 | D        | Noticed a sphinx
   415 | D        | Noticed a sphinx
   417 | D        | Killed a sphinx
   417 | D        | Reached ***** piety under Trog
   418 | D        | Reached skill level 18 in Unarmed Combat
   418 | D        | Reached XP level 10. HP: 118/118 MP: 9/9
   419 | D        | Killed a sphinx
   420 | D        | Reached skill level 19 in Unarmed Combat
   467 | D        | Received a gift from Trog
   474 | D        | Reached skill level 20 in Unarmed Combat
   503 | D        | Found Ifegg's Magic Scroll Shop.
   504 | D        | Found Ebyrchu's Jewellery Boutique.
   505 | D        | Found Fonnisecs's Distillery.
   505 | D        | Found Ociyddal's Antique Armour Shop.
   506 | D        | Found Kueruvveo's Weapon Shop.
   506 | D        | Found Himuo's Assorted Antiques.
   535 | D        | Reached ****** piety under Trog
   540 | D        | Received a gift from Trog
   545 | D        | Reached skill level 21 in Unarmed Combat
   545 | D        | Reached XP level 11. HP: 32/128 MP: 10/10
   559 | D        | Found Cikhlaeq's General Store.
   559 | D        | Found Wugifus's Book Shop.
   560 | D        | Found Nesuh's Magic Scroll Shop.
   560 | D        | Found Xuimuen's Distillery.
   561 | D        | Found Aliyshysh's Jewellery Shop.
   561 | D        | Found Odo Mywu's Antique Armour Boutique.
   562 | D        | Found Zeramoos's Jewellery Shop.
   562 | D        | Found Fepemipp's Antique Weapon Boutique.
   564 | D        | Noticed an oklob plant
   565 | D        | Found Feug's Book Shoppe.
   566 | D        | Bought a scroll of identify for 26 gold pieces
   566 | D        | Bought a scroll of identify for 26 gold pieces
   566 | D        | Bought a scroll of identify for 26 gold pieces
   571 | D        | Bought a potion of heal wounds for 60 gold pieces
   571 | D        | Bought a potion of curing for 36 gold pieces
   571 | D        | Bought a potion of haste for 120 gold pieces
   576 | D        | Bought a scroll of acquirement for 676 gold pieces
   576 | D        | Acquired a manual of Unarmed Combat
   580 | D        | Bought a potion of might for 52 gold pieces
   580 | D        | Bought a potion of heal wounds for 65 gold pieces
   581 | D        | Bought a heavily jewelled robe for 142 gold pieces
   581 | D        | Identified the +1 robe "Teh Waps" {Dex+3} (You bought it in
                  | a shop in the Dungeon)
   583 | D        | Bought the ring "Vefed" {rPois rF+ Will+ rCorr Dex-2} for
                  | 579 gold pieces
   584 | D        | Bought an amulet of regeneration for 390 gold pieces
   592 | D        | Bought a potion of haste for 130 gold pieces
   594 | D        | Bought a murky puce potion for 21 gold pieces
   594 | D        | Bought a scroll labelled FUGUHY XUIDICI for 24 gold pieces
   594 | D        | Bought a scroll labelled MAETTUMPUPNY for 24 gold pieces
   607 | D        | Bought a ring of fire for 325 gold pieces
   629 | D        | Noticed a fire dragon
   632 | D        | Noticed a black draconian knight
   638 | D        | Noticed the 27-headed Lernaean hydra
   652 | D        | Killed a fire dragon
   652 | D        | Received a gift from Trog
   653 | D        | Reached skill level 22 in Unarmed Combat
   694 | D        | Reached skill level 23 in Unarmed Combat
   699 | D        | Killed an oklob plant
   724 | D        | Killed a black draconian knight
   724 | D        | Received a gift from Trog
   725 | D        | Reached skill level 24 in Unarmed Combat
   754 | D        | Killed the 27-headed Lernaean hydra
   755 | D        | Reached skill level 25 in Unarmed Combat
   760 | D        | Identified the +2 quarterstaff "Epakougu" {flame, Int+3}
   761 | D        | Found Pysosuog's Jewellery Shoppe.
   766 | D        | Acquired a manual of Fighting
   796 | D        | Found Kackoup's Weapon Boutique.
   796 | D        | Found Arugajo's Book Shoppe.
   800 | D        | Identified the +11 rapier of Dim Light {flame, *Slow Str+7
                  | Int+2}
   866 | D        | Noticed Kirke
   866 | D        | Noticed a yaktaur captain
   866 | D        | Noticed a skeletal warrior
   883 | D        | Killed a yaktaur captain
   884 | D        | Reached skill level 15 in Fighting
   889 | D        | Killed Kirke
   890 | D        | Reached XP level 12. HP: 140/146 MP: 11/11
   912 | D        | Noticed a centaur warrior
   913 | D        | Killed a centaur warrior
   914 | D        | Reached skill level 1 in Armour
   918 | D        | Received a gift from Trog
   967 | D        | Received a gift from Trog
   968 | D        | Reached skill level 26 in Unarmed Combat
   984 | D        | Acquired the +2 hat of Ridu {rPois Dex+3 Stlth-}
   991 | D        | Acquired 476 gold pieces
   994 | D        | Found Geudd's Weapon Emporium.
   994 | D        | Found Osykay's Antique Armour Shop.
   995 | D        | Found Deteecuck's Distillery.
   995 | D        | Found Cyehifu's Jewellery Shoppe.
   995 | D        | Found Bamanuh's Jewellery Boutique.
   995 | D        | Found Nehezyr's Assorted Antiques.
   995 | D        | Found Uxeivom's Jewellery Shop.
   995 | D        | Found Wituwell's Armour Shoppe.
   995 | D        | Found Yroi's Antique Armour Boutique.
   995 | D        | Found Xomiof's Armour Emporium.
   995 | D        | Found Upofabbo's Distillery.
   995 | D        | Found Jaegraah's Antique Armour Shoppe.
   999 | D        | Bought a potion of heal wounds for 55 gold pieces
   999 | D        | Bought 2 potions of haste for 220 gold pieces
   999 | D        | Bought 2 potions of might for 88 gold pieces
   999 | D        | Bought a potion of haste for 110 gold pieces
   999 | D        | Bought a potion of curing for 33 gold pieces
   999 | D        | Bought a potion of curing for 33 gold pieces
  1000 | D        | Bought a +0 cloak for 63 gold pieces
  1002 | D        | Bought a glowing cloak for 187 gold pieces
  1003 | D        | Bought the ring "Hidwoxt" {rC+ AC+4 Int+7 Slay+4} for 815
                  | gold pieces
  1074 | D        | Gained mutation: You are weak. (Str -2) [mutagenic glow]
  1100 | D        | Noticed a storm dragon
  1103 | D        | Killed a storm dragon
  1104 | D        | Reached skill level 5 in Armour
  1121 | D        | Found Ynleof's General Store.
  1121 | D        | Found Xaakk's Armour Shop.
  1121 | D        | Found Otrokkig's Book Emporium.
  1121 | D        | Found Xieqy's General Store.
  1121 | D        | Noticed a golden dragon
  1128 | D        | Killed a golden dragon
  1129 | D        | Reached skill level 5 in Dodging
  1166 | D        | Noticed a crystal guardian
  1183 | D        | Killed a crystal guardian
  1189 | D        | Received a gift from Trog
  1302 | D        | Received a gift from Trog
  1311 | D        | Noticed a deep elf master archer
  1314 | D        | Noticed a hell hog
  1314 | D        | Noticed a hell hog
  1315 | D        | Killed a hell hog
  1320 | D        | Killed a hell hog
  1335 | D        | Killed a deep elf master archer
  1336 | D        | Reached XP level 13. HP: 38/158 MP: 12/12
  1381 | D        | Received a gift from Trog
  1383 | D        | Reached skill level 10 in Armour
  1399 | D        | Gained mutation: You occasionally lose the ability to drink
                  | potions when taking damage. [a shining eye]
  1404 | D        | Gained mutation: Armour fits poorly on your strangely
                  | shaped body. [a shining eye]
  1432 | D        | Identified the +2 great mace of Dinoon {chaos, Contam SInv
                  | Stlth+}
  1436 | D        | Identified the +6 quarterstaff of Maumon {vorpal, rC+ Str+4
                  | Int-2}
  1448 | D        | Identified the +8 quarterstaff of the Imbibing Seer {venom,
                  | rPois rN++ Str+2 Int-3}
  1451 | D        | Acquired the +1 cloak of Action {Str+3}
  1476 | D        | Lost mutation: You are weak. (Str -2) [potion of mutation]
  1476 | D        | Lost mutation: You occasionally lose the ability to drink
                  | potions when taking damage. [potion of mutation]
  1476 | D        | Lost mutation: Armour fits poorly on your strangely shaped
                  | body. [potion of mutation]
  1476 | D        | Gained mutation: Your spells are a little easier to cast,
                  | but a little less powerful. [potion of mutation]
  1477 | D        | Lost mutation: Your spells are a little easier to cast, but
                  | a little less powerful. [potion of mutation]
  1477 | D        | Gained mutation: You occasionally lose the ability to drink
                  | potions when taking damage. [potion of mutation]
  1477 | D        | Gained mutation: You possess an exceptional clarity of
                  | mind. [potion of mutation]
  1477 | D        | Gained mutation: You are strong-willed. (Will+) [potion of
                  | mutation]
  1478 | D        | Lost mutation: You occasionally lose the ability to drink
                  | potions when taking damage. [potion of mutation]
  1478 | D        | Lost mutation: You are strong-willed. (Will+) [potion of
                  | mutation]
  1478 | D        | Lost mutation: You possess an exceptional clarity of mind.
                  | [potion of mutation]
  1478 | D        | Gained mutation: You have hidden genetic potential. [potion
                  | of mutation]
  1509 | D        | Identified Roxanne's Volume of Evolution
  1509 | D        | Noticed Roxanne
  1526 | D        | Killed Roxanne
  1549 | D        | Received a gift from Trog
  1563 | D        | Noticed Gastronok
  1567 | D        | Killed Gastronok
  1581 | D        | Noticed a dire elephant
  1583 | D        | Killed a dire elephant
  1584 | D        | Reached skill level 27 in Unarmed Combat
  1585 | D        | Received a gift from Trog
  1599 | D        | Acquired the ring of Qazlal's Displeasure {rElec rPois AC+4
                  | Dex+4}
  1601 | D        | Acquired the amulet "Odisiole" {Faith rN+ Str+4}
  1603 | D        | Acquired a manual of Armour
  1616 | D        | Identified the +2 robe of Fori {rElec Regen+ Str-2 Dex+6}
  1681 | D        | Found the +8 longbow "Zephyr" {speed, Dex+3 SInv}
  1684 | D        | Found Zeulugy's Armour Shoppe.
  1685 | D        | Found Kyuxton's Magic Scroll Shop.
  1686 | D        | Noticed Nessos
  1695 | D        | Killed Nessos
  1695 | D        | Received a gift from Trog
  1697 | D        | Bought a scroll of identify for 24 gold pieces
  1697 | D        | Bought a scroll of identify for 24 gold pieces
  1697 | D        | Bought a scroll of identify for 24 gold pieces
  1697 | D        | Bought a scroll of acquirement for 624 gold pieces
  1700 | D        | Acquired 1045 gold pieces
  1702 | D        | Acquired 1044 gold pieces
  1765 | D        | Identified the +1 plate armour of Xom's Anger {+Inv rElec
                  | Will+ Stlth+}
  1796 | D        | Noticed a deep elf blademaster
  1809 | D        | Killed a deep elf blademaster
  1827 | D        | Received a gift from Trog
  1834 | D        | Reached skill level 15 in Armour
  1879 | D        | Gained mutation: Armour fits poorly on your strangely
                  | shaped body. [a shining eye]
  1879 | D        | Gained mutation: You are weak. (Str -2) [a shining eye]
  1880 | D        | Gained mutation: You are agile. (Dex +4, Str/Int -1) [a
                  | shining eye]
  1881 | D        | Paralysed by a floating eye for 3 turns
  1882 | D        | Gained mutation: You sometimes lose your temper in combat.
                  | [a shining eye]
  1885 | D        | Gained mutation: You occasionally lose the ability to drink
                  | potions when taking damage. [a shining eye]
  1885 | D        | Gained mutation: Your body sometimes deteriorates upon
                  | taking damage. [a shining eye]
  1886 | D        | Received a gift from Trog
  1887 | D        | Gained mutation: You occasionally shout uncontrollably at
                  | your foes. [a shining eye]
  1888 | D        | Lost mutation: Armour fits poorly on your strangely shaped
                  | body. [a shining eye]
  1889 | D        | Paralysed by a floating eye for 3 turns
  1889 | D        | Gained mutation: Your body often deteriorates upon taking
                  | damage. [a shining eye]
  1891 | D        | Reached XP level 14. HP: 170/170 MP: 13/13
  1891 | D        | Received a gift from Trog
  1910 | D        | Lost mutation: Your body often deteriorates upon taking
                  | damage. [potion of mutation]
  1910 | D        | Lost mutation: Your body sometimes deteriorates upon taking
                  | damage. [potion of mutation]
  1910 | D        | Lost mutation: You occasionally shout uncontrollably at
                  | your foes. [potion of mutation]
  1910 | D        | Gained mutation: You have great hidden genetic potential.
                  | [potion of mutation]
  1910 | D        | Gained mutation: Armour fits poorly on your strangely
                  | shaped body. [potion of mutation]
  1910 | D        | Gained mutation: Your flesh is heat resistant. (rF+)
                  | [potion of mutation]
  1911 | D        | Lost mutation: You sometimes lose your temper in combat.
                  | [potion of mutation]
  1911 | D        | Lost mutation: You are weak. (Str -2) [potion of mutation]
  1911 | D        | Lost mutation: You are agile. (Dex +4, Str/Int -1) [potion
                  | of mutation]
  1911 | D        | Gained mutation: You passively dampen the noise of your
                  | surroundings. [potion of mutation]
  1911 | D        | Gained mutation: You are partially covered in iridescent
                  | scales. (AC +2) [potion of mutation]
  1911 | D        | Lost mutation: You are partially covered in iridescent
                  | scales. (AC +2) [potion of mutation]
  1912 | D        | Lost mutation: You occasionally lose the ability to drink
                  | potions when taking damage. [potion of mutation]
  1912 | D        | Lost mutation: Your flesh is heat resistant. (rF+) [potion
                  | of mutation]
  1912 | D        | Gained mutation: You are partially covered in iridescent
                  | scales. (AC +2) [potion of mutation]
  1912 | D        | Gained mutation: Your spells are a little harder to cast,
                  | but a little more powerful. [potion of mutation]
  1913 | D        | Lost mutation: Your spells are a little harder to cast, but
                  | a little more powerful. [potion of mutation]
  1913 | D        | Lost mutation: You have great hidden genetic potential.
                  | [potion of mutation]
  1913 | D        | Lost mutation: You have hidden genetic potential. [potion
                  | of mutation]
  1913 | D        | Gained mutation: Your mind is acute. (Int +4, Str/Dex -1)
                  | [potion of mutation]
  1913 | D        | Gained mutation: Your flesh is cold resistant. (rC+)
                  | [potion of mutation]
  1913 | D        | Gained mutation: Your flesh is very cold resistant. (rC++)
                  | [potion of mutation]
  1914 | D        | Lost mutation: Your flesh is very cold resistant. (rC++)
                  | [potion of mutation]
  1914 | D        | Lost mutation: You passively dampen the noise of your
                  | surroundings. [potion of mutation]
  1914 | D        | Lost mutation: Your mind is acute. (Int +4, Str/Dex -1)
                  | [potion of mutation]
  1914 | D        | Gained mutation: Your muscles are strong. (Str +4, Int/Dex
                  | -1) [potion of mutation]
  1914 | D        | Gained mutation: Your flesh is heat resistant. (rF+)
                  | [potion of mutation]
  1915 | D        | Lost mutation: Your flesh is cold resistant. (rC+) [potion
                  | of mutation]
  1915 | D        | Lost mutation: Your muscles are strong. (Str +4, Int/Dex
                  | -1) [potion of mutation]
  1915 | D        | Lost mutation: Armour fits poorly on your strangely shaped
                  | body. [potion of mutation]
  1915 | D        | Gained mutation: You expend magic power (3 MP) to
                  | strengthen your wands. [potion of mutation]
  1915 | D        | Gained mutation: Potions are less effective at restoring
                  | your health. [potion of mutation]
  1915 | D        | Gained mutation: You passively dampen the noise of your
                  | surroundings. [potion of mutation]
  1916 | D        | Lost mutation: You passively dampen the noise of your
                  | surroundings. [potion of mutation]
  1916 | D        | Lost mutation: Potions are less effective at restoring your
                  | health. [potion of mutation]
  1916 | D        | Gained mutation: Your spells are a little easier to cast,
                  | but a little less powerful. [potion of mutation]
  1916 | D        | Lost mutation: You are partially covered in iridescent
                  | scales. (AC +2) [potion of mutation]
  1916 | D        | Gained mutation: You possess an exceptional clarity of
                  | mind. [potion of mutation]
  1916 | D        | Gained mutation: You are partially covered in iridescent
                  | scales. (AC +2) [potion of mutation]
  1957 | D        | Noticed Sonja
  1957 | D        | Noticed a hellephant
  1957 | D        | Noticed a purple draconian shifter
  1963 | D        | Killed Sonja
  1969 | D        | Killed a purple draconian shifter
  1975 | D        | Received a gift from Trog
  1986 | D        | Killed a hellephant
  2026 | D        | Killed a kraken
  2081 | D        | Noticed a quicksilver dragon
  2090 | D        | Killed a quicksilver dragon
  2110 | D        | Noticed a quicksilver dragon
  2110 | D        | Noticed a quicksilver dragon
  2115 | D        | Killed a quicksilver dragon
  2124 | D        | Killed a quicksilver dragon
  2126 | D        | Received a gift from Trog
  2188 | D        | Noticed Murray
  2201 | D        | Killed Murray
  2312 | D        | Noticed an electric golem
  2332 | D        | Killed an electric golem
  2374 | D        | Noticed a royal mummy
  2375 | D        | Noticed Gloorx Vloq
  2380 | D        | Noticed a vampire knight
  2386 | D        | Noticed an Executioner
  2386 | D        | Noticed an Executioner
  2386 | D        | Noticed an Executioner
  2386 | D        | Noticed an Executioner
  2387 | D        | Killed Gloorx Vloq
  2387 | D        | Received a gift from Trog
  2390 | D        | Killed a vampire knight
  2391 | D        | Noticed a curse toe
  2396 | D        | Killed a royal mummy
  2398 | D        | Killed a curse toe
  2433 | D        | Got the Orb of Zot
  2463 | D        | Escaped with the Orb!

Illustrated notes

Levels and vault maps discovered:
D:        the_violet_keep_of_menkaure [sprint2_stairs_cluster_1,
          sprint2_shoproom, sprint2_temple, sprint2_basic_supplies,
          sprint2_obstacle_1, sprint2_obstacle_6, sprint2_obstacle_4,
          sprint2_obstacle_2, sprint2_obstacle_5, sprint2_timed_cluster_1,
          sprint2_smallroom_cluster_1, sprint2_smallroom_final_cluster_1,
          sprint2_transparent_cluster_1, sprint2_second_timed_cluster_1,
          sprint2_sniper_area_1, sprint2_heavy_combat_area_1,
          sprint2_mutation_trap_area_1, sprint2_forest_area_1,
          sprint2_light_combat_area_1, sprint2_behind_water_1,
          sprint2_near_end_vault_1]

Skill      XL: |  1  2  3  4  5  6  7  8  9 10 11 12 13 14 |
---------------+-------------------------------------------+-----
Fighting       | 5 6 8 9 10 11 12 13 16 18 24 | 24.2
Unarmed Combat | 6 7 8 10 11 13 15 18 21 25 26 27 | 27.0
Armour         | 9 17 | 17.6
Dodging        | 8 9 |  9.4

Action                   |  1- 3 |  4- 6 |  7- 9 | 10-12 | 13-15 || total
-------------------------+-------+-------+-------+-------+-------++-------
Melee: Unarmed           |     5 |    13 |    32 |   193 |   219 ||   462
       Punch             |       |       |     4 |    23 |    29 ||    56
Invok: Berserk           |     1 |     1 |     3 |     1 |     4 ||    10
       Trog's Hand       |       |       |     2 |    11 |    15 ||    28
       Brothers in Arms  |       |       |       |     5 |     8 ||    13
  Use: Scroll            |       |       |     5 |    10 |    16 ||    31
       Potion            |       |       |       |    10 |    21 ||    31
 Stab: Distracted        |       |       |       |       |     1 ||     1
Armor: Animal skin       |       |     2 |     6 |       |       ||     8
       Troll leather arm |       |       |     1 |    42 |    57 ||   100
       Ice dragon scales |       |       |       |       |     6 ||     6
Dodge: Dodged            |       |     2 |    10 |    61 |    78 ||   151

Table legend: (Time is in decaauts)
 A = Elapsed time spent in this place.
 B = Non-inter-level travel time spent in this place.
 C = Inter-level travel time spent in this place.
 D = Time resting spent in this place.
 E = Time spent auto-exploring this place.
 F = Levels seen in this place.
 G = Mean time per level.
                   A        B        C        D        E       F      G
               +--------+--------+--------+--------+--------+-----+--------+
         Total |   2330 |   2330 |      0 |    200 |    132 |   1 | 2330.0 |
       Dungeon |   2330 |   2330 |      0 |    200 |    132 |   1 | 2330.0 |
               +--------+--------+--------+--------+--------+-----+--------+

Top non-repeatable levels by time:
       D: 2330 daAuts
